 Dungeon Crawl Stone Soup version 0.25.0-26-g0c896c7088 (webtiles) character file.

Game seed: 12090748820031172530

840 protoss039 the Thaumaturge (level 7, -9/36 HPs)
             Began as a Deep Elf Ice Elementalist on July 2, 2020.
             Was an Initiate of Kikubaaqudgha.
             Killed by nerve-wracking pain
             ... invoked by a shadow imp
              (12 damage)
             ... on level 5 of the Dungeon.
             The game lasted 00:13:29 (4213 turns).

protoss039 the Thaumaturge (DEIE)                   Turns: 4213, Time: 00:13:31

Health: -9/36      AC:  5    Str:  5    XL:     7   Next: 67%
Magic:  7/21       EV: 13    Int: 22    God:    Kikubaaqudgha [......]
Gold:   172        SH:  0    Dex: 15    Spells: 8/23 levels left

rFire    . . .     SeeInvis .   h - +0 short sword (speed)
rCold    . . .     Gourm    .   (no shield)
rNeg     . . .     Faith    .   a - +0 robe
rPois    .         Spirit   .   f - +2 helmet
rElec    .         Reflect  .   (no cloak)
rCorr    .         Harm     .   (no gloves)
MR       .....                  (no boots)
Stlth    ++........             (no amulet)
HPRegen  0.12/turn              (no ring)
MPRegen  0.17/turn              (no ring)

@: frozen ramparts
A: no striking features
a: Renounce Religion


You were on level 5 of the Dungeon.
You worshipped Kikubaaqudgha.
Kikubaaqudgha was noncommittal.
You were not hungry.

You visited 1 branch of the dungeon, and saw 6 of its levels.

You collected 172 gold pieces.

Inventory:

Hand Weapons
 h - a +0 short sword of speed (weapon)
Armour
 a - a +0 robe (worn)
 f - a +2 helmet (worn)
Jewellery
 g - an uncursed amulet of magic regeneration {unknown}
 m - an uncursed amulet of regeneration {unknown}
Wands
 v - a wand of polymorph (6)
 w - a wand of random effects (25)
Scrolls
 b - a scroll of enchant armour {unknown}
 e - a scroll of fear {unknown}
 j - a scroll of magic mapping {unknown}
 k - 4 scrolls of identify {unknown}
 q - a scroll of noise {unknown}
 r - a scroll of blinking {unknown}
 s - a scroll of teleportation {unknown}
 t - a scroll of remove curse {unknown}
 u - 2 scrolls of fog {unknown}
Potions
 d - a potion of lignification {unknown}
 i - a potion of brilliance {unknown}
 l - 2 potions of stabbing {unknown}
 n - a potion of curing {unknown}
 p - a potion of flight {unknown}
Comestibles
 c - 5 rations
 o - 4 chunks of flesh


   Skills:
 - Level 2.4 Dodging
 - Level 2.4 Stealth
 + Level 8.7 Spellcasting
 + Level 0.5 Charms
 + Level 7.9 Ice Magic


You had 8 spell levels left.
You knew the following spells:

 Your Spells              Type           Power        Failure   Level  Hunger
a - Freeze                Ice            ####         1%          1    None
b - Frozen Ramparts       Ice            #####.       1%          3    None
c - Ozocubu's Armour      Chrm/Ice       ####....     3%          3    None
d - Hailstorm             Conj/Ice       ####....     14%         4    ##.....
e - Summon Ice Beast      Ice/Summ       ####....     14%         4    ##.....

Your spell library contained the following spells:

 Spells                   Type           Power        Failure   Level  Hunger
 Animate Skeleton         Necr           N/A          7%          1    None
 Apportation              Tloc           #.....       7%          1    None
 Corona                   Hex            #......      7%          1    None
 Summon Small Mammal      Summ           #...         7%          1    None


Dungeon Overview and Level Annotations

Branches:
Dungeon (6/15)
 Temple: D:4-7

Altars:
Ashenzari
Dithmenos
Fedhas
Kikubaaqudgha
Nemelex Xobeh
Okawaru
Ru
Trog
Yredelemnul

Annotations:
D:2 Sigmund


Message History

Okay, then.
Casting: Freeze (safe; 1% risk of failure)
Confirm with . or Enter, or press ? or * to list all spells.
Aiming: Freeze (safe; 1% risk of failure)
Press: ? - help, Shift-Dir - straight line, f/p - shadow imp
Aim: a shadow imp (lightly wounded)
The shadow imp resists.
You freeze the shadow imp.
The shadow imp is lightly wounded.
The shadow imp misses you.
Unknown command.
Unknown command.
Casting: Freeze (safe; 1% risk of failure)
Confirm with . or Enter, or press ? or * to list all spells.
The walls around you are covered in ice.
The shadow imp resists.
The wall freezes the shadow imp.
The shadow imp summons a swarm of flies.
The shadow imp gestures at you. Pain shoots through your body!
You die...
Kikubaaqudgha rasps: "You have failed me!
Welcome... death!"

######
###......
#........
###5.......
#..@.......
.......#+#.....
#####.. ... #..
. #.. #.. ###


You could see a shadow imp.

Vanquished Creatures
  Eustachio (D:4)
  Edmund (D:4)
  Purgy (D:4)
  An ogre (D:4)
  A gnoll sergeant (D:6)
  A hound (D:4)
  2 orc wizards
  A centaur skeleton (D:4)
  Ijyb (D:3)
  Robin (D:4)
  4 gnolls (D:6)
  5 adders
  An ooze (D:4)
  An adder zombie (D:6)
  3 worms
  3 dart slugs (D:1)
  4 leopard geckos
  9 orcs
  A ball python (D:2)
  9 bats
  4 giant cockroaches
  14 goblins
  9 hobgoblins
  4 jackals
  5 frilled lizards
  7 kobolds
  4 rats
98 creatures vanquished.

Notes
Turn   | Place    | Note
-------+----------+-------------------------------------------
     0 | D:1      | protoss039 the Deep Elf Ice Elementalist began the quest
                  | for the Orb.
     0 | D:1      | Reached XP level 1. HP: 10/10 MP: 6/6
   296 | D:1      | Reached XP level 2. HP: 15/15 MP: 6/8
   455 | D:1      | Reached skill level 5 in Ice Magic
   823 | D:1      | Reached XP level 3. HP: 19/19 MP: 9/9
  1165 | D:1      | Learned a level 3 spell: Frozen Ramparts
  1226 | D:2      | Found a shattered altar of Ashenzari.
  1422 | D:2      | Noticed Sigmund
  1831 | D:2      | Reached skill level 4 in Spellcasting
  2359 | D:3      | Reached XP level 4. HP: 23/24 MP: 8/12
  2364 | D:3      | Learned a level 3 spell: Ozocubu's Armour
  2672 | D:3      | Found a basalt altar of Yredelemnul.
  2673 | D:3      | Found an ancient bone altar of Kikubaaqudgha.
  2755 | D:3      | Found a sparkling altar of Nemelex Xobeh.
  2757 | D:3      | Reached skill level 5 in Spellcasting
  2757 | D:3      | Reached XP level 5. HP: 22/28 MP: 10/14
  2758 | D:3      | Found a blossoming altar of Fedhas.
  2773 | D:3      | Learned a level 4 spell: Hailstorm
  2913 | D:3      | Found a sacrificial altar of Ru.
  3029 | D:3      | Found a shadowy altar of Dithmenos.
  3031 | D:3      | Found a bloodstained altar of Trog.
  3036 | D:3      | Found an iron altar of Okawaru.
  3407 | D:3      | Noticed Ijyb
  3411 | D:3      | Killed Ijyb
  3500 | D:4      | Noticed Eustachio
  3507 | D:4      | Killed Eustachio
  3507 | D:4      | Reached skill level 6 in Spellcasting
  3507 | D:4      | Reached XP level 6. HP: 32/32 MP: 5/17
  3661 | D:4      | Noticed Robin
  3665 | D:4      | Reached skill level 7 in Spellcasting
  3689 | D:4      | Noticed Purgy
  3699 | D:4      | Killed Robin
  3701 | D:4      | Killed Purgy
  3701 | D:4      | Reached XP level 7. HP: 28/36 MP: 12/20
  3720 | D:4      | Learned a level 4 spell: Summon Ice Beast
  3982 | D:4      | Noticed Edmund
  3997 | D:4      | Killed Edmund
  3997 | D:4      | Reached skill level 8 in Spellcasting
  4092 | D:3      | Became a worshipper of Kikubaaqudgha
  4147 | D:4      | You fall into a shaft and drop 2 floors!
  4210 | D:5      | Entered Level 5 of the Dungeon
  4213 | D:5      | Killed from afar by a shadow imp

Illustrated notes

Levels and vault maps discovered:
D:1:      erik_arrival_blinker_ship, layout_basic
D:2:      layout_loops_ring, lemuel_doored_altar, first_ration, uniq_sigmund
D:3:      layout_loops_ring, nicolae_overflow_hidden_temple, minitemple,
          old_standard_altar, nicolae_ru_the_path_less_chosen,
          minmay_statues_item, uniq_ijyb
D:4:      layout_loops_cross, ebering_ghost_gozag, uniq_edmund, uniq_eustachio,
          uniq_purgy, uniq_robin
D:5:      layout_rooms, grunt_temple_overflow_order_and_chaos_1,
          elyvilon_altar_1, kennysheep_little_box, serial_shops,
          kennysheep_mini_moat, nicolae_shop_window_shopping,
          nicolae_shop_crystal, shop, nicolae_shop_stone, fedhas_altar_4,
          uniq_crazy_yiuf_cottage
D:6:      layout_rooms, temple_doors_e

Skill      XL: |  1  2  3  4  5  6  7 |
---------------+----------------------+-----
Ice Magic      | 5 6 7 |  7.9
Spellcasting   | 4 5 6 7 8 |  8.7
Dodging        | |  2.4
Stealth        | |  2.4
Charms         | |  0.5

Action                   |  1- 3 |  4- 6 |  7- 9 || total
-------------------------+-------+-------+-------++-------
Melee: Short sword       |    45 |    21 |    17 ||    83
       Unarmed           |     1 |       |       ||     1
 Cast: Freeze            |    34 |    28 |    19 ||    81
       Frozen Ramparts   |    12 |    11 |     6 ||    29
       Ozocubu's Armour  |       |     1 |     1 ||     2
       Summon Ice Beast  |       |       |     1 ||     1
       Hailstorm         |       |       |     1 ||     1
 Stab: Sleeping          |     2 |       |     1 ||     3
  Eat: Chunk             |     4 |     6 |     1 ||    11
Armor: Robe              |    25 |    14 |     7 ||    46
Dodge: Dodged            |    56 |    31 |    23 ||   110
